 Dungeon Crawl Stone Soup version 0.22-a0-305-gd21a89c (webtiles) character file.

106 Firecrotchwizard the Digger (level 4, -2/24 HPs)
             Began as a Gargoyle Earth Elementalist on Mar 31, 2018.
             Slain by an orc
             ... wielding a +0 short sword
              (3 damage)
             ... on level 3 of the Dungeon.
             The game lasted 00:07:59 (2691 turns).

Firecrotchwizard the Digger (GrEE)                  Turns: 2691, Time: 00:08:00

Health: -2/24      AC:  5    Str: 11    XL:     4   Next: 84%
Magic:  2/8        EV: 12    Int: 20    God:
Gold:   77         SH:  0    Dex: 10    Spells: 4/8 levels left

rFire    + . .     SeeInvis .   j - -2 club (curse)
rCold    + . .     Gourm    .   (no shield)
rNeg     + . .     Faith    .   c - +0 robe
rPois    ∞         Spirit   .   (no helmet)
rElec    +         Reflect  .   (no cloak)
rCorr    +         Harm     .   (no gloves)
MR       .....                  (no boots)
Stlth    ++........             (no amulet)
HPRegen  0.08/turn              h - +3 ring of intelligence
MPRegen  0.11/turn              (no ring)

@: resistant
A: negative energy resistance 1, electricity resistance, unbreathing,
petrification resistance, rot immunity, AC +3
a: no special abilities


You were on level 3 of the Dungeon.
You were hungry.

You visited 1 branch of the dungeon, and saw 3 of its levels.

You collected 77 gold pieces.

Inventory:

Hand Weapons
 j - a cursed -2 club (weapon)
   (You took it off a hobgoblin on level 1 of the Dungeon)
Missiles
 b - 71 stones (quivered)
Armour
 c - a +0 robe (worn)
 e - a +0 troll leather armour {regen}
   (You found it on level 1 of the Dungeon)
 g - a +0 buckler
   (You found it on level 1 of the Dungeon)
Jewellery
 h - a +3 ring of intelligence (left hand)
   (You found it on level 1 of the Dungeon)
Scrolls
 k - a scroll of teleportation
 m - a scroll of identify
 o - a scroll of fog {unknown}
Potions
 a - a potion of brilliance {unknown}
 i - 3 potions of curing
 n - 2 potions of mutation {unknown}
Comestibles
 d - 4 rations {@e1}


   Skills:
 - Level 1.5 Dodging
 - Level 2.1 Stealth
 - Level 2.8 Spellcasting
 * Level 2.3 Conjurations
   Level 0.7 Transmutations
 + Level 5.0 Earth Magic


You had 4 spell levels left.
You knew the following spells:

 Your Spells              Type           Power        Failure   Level  Hunger
a - Sandblast             Erth           ###...       1%          1    None
x - Stone Arrow           Conj/Erth      ###...       10%         3    ###....


Dungeon Overview and Level Annotations

Branches:
Dungeon (3/15)

Altars:
Ashenzari
Elyvilon


Innate Abilities, Weirdness & Mutations

You are resistant to torment.
Your stone body is resilient. (AC +3)
You are immune to poison.
You resist negative energy. (rN+)
You are resistant to electric shocks. (rElec)
You can survive without breathing.
You are immune to petrification.
You are immune to rotting.


Message History

You take 2 damage, and have 22/24 hp.
You hit the orc. The orc barely misses you. The orc closely misses you.
You hit the orc but do no damage. The orc closely misses you.
MP restored: 8 You barely miss the orc.
The orc closely misses you.
You closely miss the orc. The orc barely misses you.
You hit the orc. The orc closely misses you. The orc barely misses you.
You closely miss the orc. The orc hits you but does no damage.
You hit the orc.
You kill the orc!
You see here a short sword.
All of the chunks of flesh in your inventory have rotted away.
You are feeling hungry.
Health restored: 24 You may need something to eat soon, looking for food.
Can't find anything matching that.
Sorry, you're not good enough to have a special ability.
The orc is too close now for your liking.
The orc wizard shouts!
You hit the orc. The orc misses you. The orc hits you with a falchion.
An orc comes into view. It is wielding a short sword.
You take 3 damage, and have 21/24 hp.
You closely miss the orc. The orc misses you.
You closely miss the orc.
The orc wizard gestures wildly while chanting.
The orc wizard seems to speed up.
The orc barely misses you.
The orc shouts!
You hit the orc. The orc hits you but does no damage.
You hit the orc.
The orc wizard begins to cast a cantrip, but forgets the words!
The orc hits you but does no damage.
You hit the orc but do no damage. The orc misses you.
The orc hits you but does no damage.
You closely miss the orc.
The orc hits you from afar with a trident.
The orc hits you with a falchion.
You take 4 damage, and have 18/24 hp.
The orc wizard gestures wildly while chanting.
The orc wizard flickers and vanishes!
Deactivating autopickup; reactivate with Ctrl-A.
You hear some strange, mumbled words.
A puff of flame appears from out of thin air!
The puff of flame misses you.
Something hits you but does no damage. x2
You hear some strange, mumbled words.
A puff of frost appears from out of thin air!
The puff of frost hits you!
You take 5 damage, and have 14/24 hp.
MASSIVE DAMAGE!!
You can't see any susceptible monsters within range! (Use Z to cast anyway.) Unknown command.
The blast of sand hits something.
b - 77 stones Something hits you but does no damage. x2
You now have 7/8 mp.
The blast of sand hits something.
b - 76 stones Something hits you but does no damage.
You now have 6/8 mp.
b - 75 stones Something hits you but does no damage.
You hear some strange, mumbled words.
A magic dart appears from out of thin air!
The magic dart hits you!
You take 6 damage, and have 8/24 hp.
MASSIVE DAMAGE!!
You now have 5/8 mp.
You don't know that spell.
The blast of sand hits something.
Reactivating autopickup.
Your Conjurations skill increases to level 2!
Your Earth Magic skill increases to level 5!
You feel a bit more experienced.
b - 74 stones You now have 4/8 mp.
You hit the orc but do no damage. The orc hits you with a falchion.
* * * LOW HITPOINT WARNING * * *
You take 5 damage, and have 3/24 hp.
MASSIVE DAMAGE!!
Aim: an orc, wielding a falchion and wearing a leather armour (lightly wounded)
The blast of sand hits the orc.
You kill the orc!
b - 73 stones You now have 3/8 mp.
Aim: an orc, wielding a trident and wearing a leather armour The blast of sand hits the orc.
b - 72 stones The orc hits you with a trident.
* * * LOW HITPOINT WARNING * * *
You take 2 damage, and have 1/24 hp.
You now have 2/8 mp.
Aim: an orc, wielding a trident and wearing a leather armour (moderately wounded)
The blast of sand hits the orc.
You kill the orc!
b - 71 stones You now have 1/8 mp.
It was a potion of resistance.
You feel protected. The orc hits you with a short sword.
You die...

#)# #.# #.# #.######### ###
#.........# #.# #########.#
#.#.# #.# # ##.# #.## #.#
#####.##.#####@## #.#
......o.....###o#########.#
#####.##.##.##.#..........#
# ##.#.#o##.##########
#.####.o.###.##
#.......).....#
...####........#
#..........###.#
#..####..#.# #.#


You could see an orc.

Vanquished Creatures
  An orc wizard (D:3)
  An adder (D:2)
  3 oozes
  A worm (D:2)
  4 leopard geckos
  4 orcs (D:3)
  4 goblins
  4 hobgoblins
  A quokka (D:2)
  A ball python (D:2)
  7 bats
  5 frilled lizards
  8 kobolds
  7 rats
51 creatures vanquished.

Notes
Turn   | Place    | Note
-------+----------+-------------------------------------------
     0 | D:1      | Firecrotchwizard the Gargoyle Earth Elementalist began the quest for the Orb.
     0 | D:1      | Reached XP level 1. HP: 10/10 MP: 3/3
   296 | D:1      | Reached XP level 2. HP: 15/15 MP: 1/5
   346 | D:1      | Reached skill level 4 in Earth Magic
   643 | D:1      | Found a shattered altar of Ashenzari.
  1048 | D:1      | Reached XP level 3. HP: 14/19 MP: 2/7
  1345 | D:1      | HP: 4/19 [rat (1)]
  1848 | D:2      | Learned a level 3 spell: Stone Arrow
  1949 | D:2      | Found a white marble altar of Elyvilon.
  2056 | D:2      | Reached skill level 1 in Conjurations
  2231 | D:2      | Reached XP level 4. HP: 24/24 MP: 6/8
  2686 | D:3      | Reached skill level 2 in Conjurations
  2686 | D:3      | Reached skill level 5 in Earth Magic
  2687 | D:3      | HP: 3/24 [orc/falchion (5)]
  2689 | D:3      | HP: 1/24 [orc/trident (2)]
  2691 | D:3      | Slain by an orc

Vault maps used:
D:1:      dpeg_arrival_water_altar, evilmike_ruin_ashenzari
D:2:      nicolae_overflow_crystal_walls, minmay_strange_pillars,
          minmay_pentomino_q2

Skill      XL: |  1  2  3  4 |
---------------+-------------+-----
Earth Magic    | 4 5 |  5.0
Conjurations   | 1 2 |  2.3
Dodging        | |  1.5
Stealth        | |  2.1
Spellcasting   | |  2.8
Transmutations | |  0.7

Action                   |  1- 3 |  4- 6 || total
-------------------------+-------+-------++-------
Melee: Unarmed           |    20 |       ||    20
       Club              |   110 |    32 ||   142
Throw: Stone             |     4 |       ||     4
 Cast: Sandblast         |    32 |    13 ||    45
  Use: Scroll            |     7 |       ||     7
       Potion            |       |     1 ||     1
 Stab: Sleeping          |     1 |     1 ||     2
  Eat: Chunk             |     1 |     1 ||     2
       Ration            |     1 |       ||     1
Armor: Robe              |    63 |    29 ||    92
Dodge: Dodged            |   121 |    58 ||   179

Table legend:
 A = Spawn XP
 B = Non-spawn XP
 C = Spawn XP percentage of total XP
 D = Spawn monster count
 E = Non-spawn monster count
 F = Spawn count percentage of total count
 G = Total turns spent on level
                    A         B        C        D         E        F      G
               +---------+---------+-------+---------+---------+-------+---------
         Total |       0 |     152 |   0.0 |       0 |      51 |   0.0 |  2691
               +---------+---------+-------+---------+---------+-------+---------
           D:1 |       0 |      45 |   0.0 |       0 |      26 |   0.0 |  1554
           D:2 |       0 |      43 |   0.0 |       0 |      16 |   0.0 |   768
           D:3 |       0 |      64 |   0.0 |       0 |       9 |   0.0 |   369
               +---------+---------+-------+---------+---------+-------+---------

Vault maps used:
D:1:      dpeg_arrival_water_altar, evilmike_ruin_ashenzari
D:2:      nicolae_overflow_crystal_walls, minmay_strange_pillars,
          minmay_pentomino_q2

Table legend:
 A = Turns spent in this place as a percentage of turns spent in the entire game.
 B = Non-inter-level travel turns spent in this place as a percentage of non-inter-level travel turns spent in the entire game.
 C = Inter-level travel turns spent in this place as a percentage of turns spent in this place.
 D = Turns resting spent in this place as a percentage of non-inter-level travel turns spent in this place.
 E = Turns spent auto-exploring this place as a percentage of non-inter-level travel turns spent in this place.
 F = Non-inter-level travel turns spent in this place divided by the number of levels of this place that you've seen.
                   A       B       C       D       E      F
               +-------+-------+-------+-------+-------+----------------------
         Total | 100.0 | 100.0 |   1.0 |  47.5 |  29.9 | 888.3
       Dungeon | 100.0 | 100.0 |   1.0 |  47.5 |  29.9 | 888.3
               +-------+-------+-------+-------+-------+----------------------

Table legend:
 A = Kills in this place as a percentage of kills in entire the game.
 B = Kills by you in this place as a percentage of kills by you in the entire game.
 C = Kills by friends in this place as a percentage of kills by friends in the entire game.
 D = Other kills in this place as a percentage of other kills in the entire game.
 E = Experience gained in this place as a percentage of experience gained in the entire game.
 F = Experience gained in this place divided by the number of levels of this place that you have seen.
                   A       B       C       D       E      F
               +-------+-------+-------+-------+-------+----------------------
         Total | 100.0 | 100.0 |   N/A |   N/A | 100.0 |  50.7
       Dungeon | 100.0 | 100.0 |   N/A |   N/A | 100.0 |  50.7
               +-------+-------+-------+-------+-------+----------------------
